 Dungeon Crawl Stone Soup version 0.18.1-6-gd335043 (webtiles) character file.

63 tyrsky the Magician (level 3, -3/21 HPs)
             Began as a High Elf Fire Elementalist on May 18, 2016.
             Was an Initiate of Vehumet.
             Killed from afar by an orc wizard (7 damage)
             ... with a magic dart
             ... on level 3 of the Dungeon.
             The game lasted 00:06:58 (1757 turns).

tyrsky the Magician (High Elf Fire Elementalist)    Turns: 1757, Time: 00:06:59

Health: -3/21      AC:  5    Str:  8    XL:     3   Next: 89%
Magic:  2/9        EV: 12    Int: 19    God:    Vehumet [......]
Gold:   156        SH:  0    Dex: 15    Spells: 2 memorised, 5 levels left

rFire  . . .     SeeInvis .     n - -3 dagger (curse)
rCold  . . .     Gourm    .     g - +1 leather armour {rPois}
rNeg   . . .     Faith    .     (no shield)
rPois  +         Spirit   .     (no helmet)
rElec  .         Dismiss  .     (no cloak)
rCorr  .         Reflect  .     q - +0 pair of gloves
SustAt .         Harm     .     (no boots)
MR     .....                    (no amulet)
Stlth  ++........               (no ring)
                                (no ring)

@: very slightly contaminated, not resistant to hostile enchantments, unstealthy
A: no striking features
a: Renounce Religion


You were on level 3 of the Dungeon.
You worshipped Vehumet.
Vehumet was noncommittal.
You were not hungry.

You visited 1 branch of the dungeon, and saw 3 of its levels.

You collected 156 gold pieces.

Inventory:

Hand Weapons
 n - a cursed -3 dagger (weapon)
Armour
 a - a +0 robe
 g - a +1 leather armour of poison resistance (worn)
 q - a +0 pair of gloves (worn)
Scrolls
 d - a scroll of random uselessness {unknown}
 e - a scroll of recharging {unknown}
 f - a scroll of remove curse {unknown}
 h - a scroll of fear {unknown}
 k - a scroll of enchant armour {unknown}
 l - 2 scrolls of teleportation {unknown}
 m - a scroll of enchant weapon {unknown}
 o - a scroll of identify {unknown}
Potions
 i - a potion of brilliance {unknown}
 p - 2 potions of haste {unknown}
Books
 b - a book of Flames

   Spells                             Type                      Level
   a - Flame Tongue                   Conjuration/Fire             1
   b - Throw Flame                    Conjuration/Fire             2
   c - Conjure Flame                  Conjuration/Fire             3
   d - Inner Flame                    Hexes/Fire                   3
   e - Sticky Flame                   Conjuration/Fire             4
   f - Fireball                       Conjuration/Fire             5
Comestibles
 c - 4 bread rations
 j - a meat ration


   Skills:
 - Level 2.1 Dodging
 - Level 2.1 Stealth
 * Level 3.9 Spellcasting
 + Level 2.0 Conjurations
 + Level 3.5 Fire Magic


You had 5 spell levels left.
You knew the following spells:

 Your Spells              Type           Power        Failure   Level  Hunger
a - Flame Tongue          Conj/Fire      ##...        10%         1    None
b - Conjure Flame         Conj/Fire      ##......     21%         3    ###....


Dungeon Overview and Level Annotations

Branches:
Dungeon (3/15)

Altars:
Cheibriados
Trog
Vehumet

Annotations:
D:2 Sigmund
D:3 HungrySpirit's ghost, amateur KoAr


Message History

You miscast Flame Tongue.
Nothing appears to happen.
The orc wizard hits you but does no damage.
The goblin barely misses you.
Casting: Flame Tongue
Confirm with . or Enter, or press ? or * to list all spells.
You don't have enough magic to cast that spell.
The orc wizard barely misses you.
The orc wizard hits you but does no damage.
The orc wizard casts a spell at you. The magic dart hits you!
* * * LOW HITPOINT WARNING * * *
The orc wizard casts a spell.
The orc wizard blinks!
The orc wizard gestures wildly while chanting.
The orc wizard blinks!
The orc wizard casts a spell.
The orc wizard blinks!
The orc wizard casts a spell at you. The magic dart hits you!
You die...

..# ..# #.# #># #.# #######
#### #.# ### #...... ..#
#.###.#####.##### #.#
###........##.# #
###.#####geo.......##.### # #
#....o§...#.##..........###
#.#.#.######...##.##.##......
#.#.#.# #.[...####.####.###
#.....# ##...#####.# #.#
###o### ##........####.###
#.# #.########....... #.# #.#
##.##.### ##o# ##+## ##..##.#
#


You could see 2 orc wizards and a goblin.

Vanquished Creatures
  An adder (D:3)
  2 worms (D:2)
  A dart slug (D:1)
  2 giant geckos
  2 orcs (D:3)
  4 bats
  2 giant cockroaches (D:2)
  8 goblins
  6 hobgoblins
  4 kobolds
  A quokka (D:2)
  2 giant newts
  6 rats
41 creatures vanquished.

Notes
Turn   | Place    | Note
--------------------------------------------------------------
     0 | D:1      | tyrsky the High Elf Fire Elementalist began the quest for the Orb.
     0 | D:1      | Reached XP level 1. HP: 11/11 MP: 4/4
   312 | D:1      | Reached XP level 2. HP: 17/17 MP: 1/6
   906 | D:2      | Noticed Sigmund
   986 | D:2      | Found a faded altar to an unknown god.
  1037 | D:2      | Reached XP level 3. HP: 21/21 MP: 4/8
  1118 | D:2      | Found a radiant altar of Vehumet.
  1127 | D:2      | Became a worshipper of Vehumet
  1502 | D:3      | Noticed HungrySpirit's ghost (amateur KoAr)
  1642 | D:3      | Learned a level 3 spell: Conjure Flame
  1691 | D:3      | Found a snail-covered altar of Cheibriados.
  1696 | D:3      | Found a bloodstained altar of Trog.
  1757 | D:3      | Killed from afar by an orc wizard

Skill      XL: |  1  2  3 |
---------------+----------+-----
Spellcasting   | 3 |  3.9
Conjurations   | 2 |  2.0
Dodging        | |  2.1
Stealth        | |  2.1
Fire Magic     | |  3.5

Action                   || total
-------------------------++-------
Melee: Unarmed           ||     2
 Cast: Flame Tongue      ||    84
  Eat: Chunk             ||     2
Armor: Leather armour    ||     6
Dodge: Dodged            ||    10
